 Dungeon Crawl Stone Soup version 0.20.1-1-g8b1a95d (webtiles) character file.

177 Linguinho the Magician (level 5, -1/28 HPs)
             Began as a Deep Elf Earth Elementalist on Oct 29, 2017.
             Slain by a worker ant (2 damage)
             ... on level 4 of the Dungeon.
             The game lasted 00:10:25 (2746 turns).

Linguinho the Magician (DEEE)                       Turns: 2746, Time: 00:10:26

Health: -1/28      AC:  3    Str:  5    XL:     5   Next: 30%
Magic:  6/13       EV: 19    Int: 24    God:
Gold:   62         SH:  0    Dex: 20    Spells: 7/13 levels left

rFire    . . .     SeeInvis .   t - +2 dagger (flame)
rCold    . . .     Gourm    .   (no shield)
rNeg     . . .     Faith    .   c - +0 robe
rPois    .         Spirit   .   i - +0 helmet
rElec    .         Reflect  .   (no cloak)
rCorr    .         Harm     .   (no gloves)
MR       .....     Rnd*Tele +   (no boots)
Stlth    ++++......             q - amulet of inaccuracy (curse)
Regen    0.1/turn               j - +3 ring of intelligence
MPRegen  0.2/turn               v - ring of teleportation (curse)

@: agile, lethally poisoned (-1 -> -8)
A: no striking features
a: no special abilities


You were on level 4 of the Dungeon.
You were not hungry.

You visited 1 branch of the dungeon, and saw 4 of its levels.

You collected 62 gold pieces.

Inventory:

Hand Weapons
 t - a +2 dagger of flaming (weapon)
Missiles
 b - 76 stones (quivered)
Armour
 c - a +0 robe (worn)
 i - a +0 helmet (worn)
Jewellery
 j - a +3 ring of intelligence (left hand)
 q - a cursed amulet of inaccuracy (around neck)
 v - a cursed ring of teleportation (right hand)
 B - an uncursed amulet of magic regeneration {unknown}
Scrolls
 a - 3 scrolls of magic mapping {unknown}
 g - 4 scrolls of identify {unknown}
 k - 3 scrolls of enchant weapon {unknown}
 o - a scroll of fog {unknown}
 u - a scroll of teleportation {unknown}
 y - a scroll of immolation {unknown}
 A - a scroll of blinking {unknown}
 D - 2 scrolls of recharging {unknown}
 E - a scroll of enchant armour {unknown}
Potions
 l - a potion of invisibility {unknown}
 m - a potion of mutation {unknown}
 r - a potion of resistance {unknown}
 s - a potion of ambrosia {unknown}
 w - a potion of might {unknown}
 x - a potion of lignification {unknown}
 z - a potion of curing {unknown}
 C - a potion of berserk rage {unknown}
Books
 e - a book of Geomancy

   Spells                             Type                      Level
   a - Sandblast                      Earth                        1
   b - Passwall                       Transmutation/Earth          2
   c - Stone Arrow                    Conjuration/Earth            3
   d - Petrify                        Transmutation/Earth          4
   e - Lee's Rapid Deconstruction     Earth                        5
 p - a book of Fire

   Spells                             Type                      Level
   a - Ignite Poison                  Fire/Transmutation/Poison    3
   b - Fireball                       Conjuration/Fire             5
   c - Bolt of Fire                   Conjuration/Fire             6
   d - Ring of Flames                 Charms/Fire                  7
   e - Ignition                       Fire                         8
Comestibles
 d - a bread ration
 f - 2 fruits
 h - 2 royal jellies
 F - a meat ration


   Skills:
 * Level 1.8 Short Blades
 * Level 3.4 Dodging
 * Level 3.9 Stealth
 * Level 4.5 Spellcasting
 + Level 0.2 Conjurations
 + Level 1.1 Transmutations
 * Level 4.1 Earth Magic


You had 7 spell levels left.
You knew the following spells:

 Your Spells              Type           Power        Failure   Level  Hunger
a - Sandblast             Erth           ####..       1%          1    None
b - Passwall              Tmut/Erth      ###.......   4%          2    None
c - Stone Arrow           Conj/Erth      ###...       11%         3    ##.....


Dungeon Overview and Level Annotations

Branches:
Dungeon (4/15)
 Temple: D:4-7

Altars:


Message History

Aim: a worker ant (almost dead)
The blast of sand misses the worker ant.
b - 77 stones
* * * LOW HITPOINT WARNING * * *
You feel sick. The worker ant closely misses you. The worker ant bites you.
* * * LOW HITPOINT WARNING * * *
Casting: Sandblast
Confirm with . or Enter, or press ? or * to list all spells.
Aiming: Sandblast
Press: ? - help, Shift-Dir - straight line, f/p - worker ant
Aim: a worker ant (almost dead)
The blast of sand misses the worker ant.
b - 76 stones
* * * LOW HITPOINT WARNING * * *
You feel sick. The worker ant barely misses you.
Okay, then.
It was a potion of agility.
You feel agile all of a sudden. The worker ant bites you.
You die...

............###### #
######.##.## #.#
#.##.# #
.#.######.##.# #.
..........#.#
#.#.######..#.#
#.............####
.###...#####.<......
......a@.......#####
.###...######..#
##.# ..# ... ..# ...
... #### ####


You could see a worker ant.

Vanquished Creatures
  A worker ant (D:4)
  7 adders
  2 oozes
  3 worms
  The ghost of letownia2 the Grave Robber, a weakling DDNe (D:3)
  A dart slug (D:1)
  2 orcs (D:3)
  3 bats
  A giant cockroach (D:1)
  11 goblins
  10 hobgoblins
  4 jackals
  13 kobolds
  A frilled lizard (D:3)
  4 rats
64 creatures vanquished.

Notes
Turn   | Place    | Note
-------+----------+-------------------------------------------
     0 | D:1      | Linguinho the Deep Elf Earth Elementalist began the quest for the Orb.
     0 | D:1      | Reached XP level 1. HP: 10/10 MP: 6/6
    68 | D:1      | Reached XP level 2. HP: 12/15 MP: 1/8
    72 | D:1      | Learned a level 2 spell: Passwall
   428 | D:1      | Reached skill level 1 in Short Blades
   847 | D:1      | Reached XP level 3. HP: 19/19 MP: 10/10
   852 | D:1      | Learned a level 3 spell: Stone Arrow
  1505 | D:2      | Reached XP level 4. HP: 13/24 MP: 0/11
  1986 | D:3      | Noticed letownia2's ghost (weakling DDNe)
  2055 | D:3      | Killed letownia2's ghost
  2418 | D:3      | Reached XP level 5. HP: 19/28 MP: 3/13
  2745 | D:4      | HP: 1/28 [poisoned by a worker ant]
  2746 | D:4      | Slain by a worker ant

Skill      XL: |  1  2  3  4 |
---------------+-------------+-----
Short Blades   | 1 |  1.8
Stealth        | 3 |  3.9
Dodging        | 3 |  3.4
Spellcasting   | 4 |  4.5
Earth Magic    | 4 |  4.1
Conjurations   | |  0.2
Transmutations | |  1.1

Action                   |  1- 3 |  4- 6 || total
-------------------------+-------+-------++-------
Melee: Dagger            |    32 |    36 ||    68
       Short sword       |     9 |       ||     9
 Cast: Sandblast         |    41 |    20 ||    61
       Stone Arrow       |     7 |    18 ||    25
  Use: Potion            |       |     1 ||     1
 Stab: Sleeping          |     5 |     6 ||    11
  Eat: Chunk             |     1 |     4 ||     5
       Bread ration      |       |     1 ||     1
Armor: Robe              |    13 |     6 ||    19
Dodge: Dodged            |    56 |    22 ||    78
